 Dungeon Crawl Stone Soup version 0.32-a0-433-g08bcfe7efd (webtiles) character file.

Game seed: 7996547737861206323

4 dialectric the Chopper (level 1, 0/18 HPs)
             Began as a Coglin Berserker on Feb 22, 2024.
             Was a Follower of Trog.
             Succumbed to a goblin's poison
             ... on level 1 of the Dungeon.
             The game lasted 00:00:23 (147 turns).

dialectric the Chopper (Coglin Berserker)            Turns: 147, Time: 00:00:23

Health: 0/18       AC:  2    Str: 17    XL:     1   Next: 60%
Magic:  1/1        EV: 12    Int:  6    God:    Trog [*.....]
Gold:   9          SH:  0    Dex: 13    Spells: 0/0 levels left

rFire   . . .        a - +0 hand axe {Charoen}
rCold   . . .        (no shield)
rNeg    . . .        b - +0 animal skin
rPois   .            (no helmet)
rElec   .            (no cloak)
rCorr   .            (no gloves)
SInv    .            (no boots)
Will    .....        (no amulet)
Stlth   +            (no ring)
HPRegen 0.23/turn    (no ring)
MPRegen 0.07/turn

%: no passive effects
@: lethally poisoned (0 -> -5)
A: off-hand wielding, slow wielding, warmup strikes, legs shutdown
a: Renounce Religion, Berserk


You were on level 1 of the Dungeon.
You worshipped Trog.
Trog was aware of your devotion.
You visited 1 branch of the dungeon, and saw 1 of its levels.

You collected 9 gold pieces.

Inventory:

Hand Weapons
 a - a +0 hand axe (weapon) {Charoen}
Armour
 b - a +0 animal skin (worn)
 e - a +0 plate armour
Jewellery
 f - a ring of protection from cold
Scrolls
 c - a scroll of identify {unknown}
Potions
 d - a potion of brilliance {unknown}


   Skills:
 + Level 3.0 Fighting
 + Level 3.0 Axes
 + Level 1.8 Armour
 + Level 1.8 Dodging


You couldn't memorise any spells.
You didn't know any spells.
Your spell library was empty.

Dungeon Overview and Level Annotations

Branches:
Dungeon (1/15)

Altars:


Innate Abilities, Weirdness & Mutations

You can wield a second weapon in your off-hand.
It takes a long time for you to wield or remove held weapons.
Your first few attacks do less damage.
Attacking and casting redirects power from your legs.


Message History

You see here a +0 plate armour.
e - a +0 plate armour
There is an open door here.
Found a robe.
f - a ring of protection from cold No target in view!
There is a stone staircase leading down here.
Found a robe.
You see here a +0 hand axe of flaming.
No target in view!
You open the door.
A goblin comes into view. It is wielding a +2 dagger of venom.
There is an open door here.
The goblin shouts!
You barely miss the goblin.
The goblin hits you with a +2 dagger of venom.
You are poisoned.
The goblin hits you with a +2 dagger of venom.
You are lethally poisoned!
You slash the goblin!
You kill the goblin!
Trog accepts your kill.
You feel very sick.
No target in view!
No target in view!
No target in view!
No target in view!
There is a lethal amount of poison in your body!
There is a lethal amount of poison in your body!
No target in view!
Unknown command.
You feel very sick.
There is a lethal amount of poison in your body!
* * * LOW HITPOINT WARNING * * *
You feel very sick.
* * * LOW HITPOINT WARNING * * *
You feel sick.
* * * LOW HITPOINT WARNING * * *
You feel sick.
You die...

####### # ......# #.
......# ##.#+####......#
#.......$......#
##..............#
..........).....#
#......@......#
#.............# ##
#####.######### #..
#####'###### #.#
#..........# #.#
#..........# #.#
#.......)..### #.#
#[...........#### ####.#
#..........#....###.....


There were no monsters in sight!

Vanquished Creatures
  A giant cockroach (D:1)
  2 goblins (D:1)
3 creatures vanquished.

Notes
Turn   | Place    | Note
-------+----------+-------------------------------------------
     0 | D:1      | dialectric the Coglin Berserker began the quest for the
                  | Orb.
     0 | D:1      | Reached XP level 1. HP: 18/18 MP: 1/1
   147 | D:1      | Succumbed to a goblin's poison

Illustrated notes

Levels and vault maps discovered:
D:1:      dpeg_arrival_rhombi, layout_basic

Action                     || total
---------------------------++-------
  Melee: Hand axe          ||     8
 Armour: Animal skin       ||     2
  Dodge: Dodged            ||     6

Table legend: (Time is in decaauts)
 A = Elapsed time spent in this place.
 B = Non-inter-level travel time spent in this place.
 C = Inter-level travel time spent in this place.
 D = Time resting spent in this place.
 E = Time spent auto-exploring this place.
 F = Levels seen in this place.
 G = Mean time per level.
                   A        B        C        D        E       F      G
               +--------+--------+--------+--------+--------+-----+--------+
         Total |    148 |    148 |      0 |      0 |    102 |   1 |  148.0 |
       Dungeon |    148 |    148 |      0 |      0 |    102 |   1 |  148.0 |
               +--------+--------+--------+--------+--------+-----+--------+

Top non-repeatable levels by time:
     D:1: 148 daAuts
